 Dungeon Crawl Stone Soup version 0.32-a0-656-g3542139ebd (webtiles) character file.

Game seed: 3588785437264873271

1547847 zewo the Metallomancer (level 25, 211/211 HPs)
             Began as a Yellow Draconian Conjurer on Mar 8, 2024.
             Was the Champion of Vehumet.
             Escaped with the Orb
             ... and 3 runes on Mar 9, 2024!
             The game lasted 04:24:16 (78668 turns).

zewo the Metallomancer (Yellow Draconian Conjurer) Turns: 78668, Time: 04:24:16

Health: 211/211    AC: 26    Str: 23    XL:     25   Next: 69%
Magic:  38/45      EV: 21    Int: 34    God:    Vehumet [******]
Gold:   158        SH: 16    Dex: 15    Spells: 12/60 levels left

rFire   + + +        a - staff "Nunu" {rF+ Summ Fire Alchemy}
rCold   + . .        d - +5 kite shield {AC+3}
rNeg    . . .        (body armour unavailable)
rPois   .            u - +2 hat {Will+}
rElec   .            G - +2 cloak {rC+}
rCorr   +            g - +2 pair of gloves {Str+3}
SInv    +            q - +2 pair of boots
Will    ++...        M - amulet of Reimbursement {^Contam RegenMP+ Str+3 Int+6 Dex+3}
Stlth   +            Q - ring of protection from fire
HPRegen 0.55/turn    H - ring "Lawn" {*Corrode Int+6 Dex+3 SInv Stlth+}
MPRegen 0.69/turn

%: corrode self (3%)
@: studying Axes
A: caustic breath, AC +12, unfitting armour, acidic bite, cold-blooded, acid
resistance, dopey 2, fire resistance 1, frail 1, strong 1
0: Orb of Zot
}: 3/15 runes: decaying, serpentine, silver
a: Caustic Breath, Renounce Religion


You escaped.
You worshipped Vehumet.
Vehumet was exalted by your worship.
You visited 11 branches of the dungeon, and saw 53 of its levels.
You also visited: Bailey, Gauntlet, Ice Cave, Wizlab and Desolation.

You collected 7470 gold pieces.
You spent 7312 gold pieces at shops.

Inventory:

Missiles
 l - 9 curare-tipped darts
Armour
 d - a +5 kite shield of protection (worn)
 g - a +2 pair of gloves of strength (worn)
 q - a +2 pair of boots (worn)
 u - a +2 hat of willpower (worn)
 G - a +2 cloak of cold resistance (worn)
Magical Staves
 a - the staff "Nunu" (weapon) {rF+ Summ Fire Alchemy}
   (You bought it in a shop on level 1 of the Vaults)

   [staff of fire]

   Base accuracy: +5 Base damage: 5 Base attack delay: 1.2 This weapon's minimum
   attack delay (0.6) is reached at skill level 12.
   rF+:       It protects you from fire.
   Summ:      It increases the power of your Summonings spells.
   Fire:      It increases the power of your Fire spells.
   Alchemy:   It increases the power of your Alchemy spells.
   It falls into the 'Staves' category.
   It is a one-handed weapon.
 c - a staff of earth
Jewellery
 A - a ring of fire
 C - a ring of poison resistance
 H - the ring "Lawn" (right hand) {*Corrode Int+6 Dex+3 SInv Stlth+}
   (You bought it in a shop on level 1 of the Orcish Mines)

   [ring of intelligence]

   Int+6:     It affects your intelligence (+6).
   Dex+3:     It affects your dexterity (+3).
   SInv:      It lets you see invisible.
   *Corrode:  It may corrode you when you take damage.
   Stlth+:    It makes you more stealthy.
 L - a ring of willpower
 M - the amulet of Reimbursement (around neck) {^Contam RegenMP+ Str+3 Int+6 Dex+3}
   (You took it off a frost giant on level 3 of the Depths)

   [amulet of magic regeneration]

   It increases your rate of magic regeneration.
   Str+3:     It affects your strength (+3).
   Int+6:     It affects your intelligence (+6).
   Dex+3:     It affects your dexterity (+3).
   ^Contam:   It causes magical contamination when unequipped.
   RegenMP+:  It increases your rate of magic regeneration.
 Q - a ring of protection from fire (left hand)
 V - the ring "Futow" {rC+ Will+ Str+3 Slay+2}
   (You took it off a vault guard on level 5 of the Vaults)

   [ring of protection from cold]

   Str+3:     It affects your strength (+3).
   Slay+2:    It affects your accuracy & damage with ranged weapons and melee
   (+2).
   rC+:       It protects you from cold.
   Will+:     It increases your willpower.
 Y - the ring of Mycabbon {Wiz rElec}
   (You found it on level 5 of the Vaults)

   [ring of wizardry]

   Wiz:       It improves your spell success rate.
   rElec:     It insulates you from electricity.
 Z - the ring "Geurul" {rN+ Dex+3 SInv}
   (You took it off a deep elf death mage on level 3 of the Elven Halls)

   [ring of positive energy]

   Dex+3:     It affects your dexterity (+3).
   rN+:       It protects you from negative energy.
   SInv:      It lets you see invisible.
Wands
 f - a wand of mindburst (66)
 z - a wand of roots (57) {@v2}
 B - a wand of quicksilver (36) {@v1}
 F - a wand of polymorph (28)
 O - a wand of digging (21) {@v3}
 P - a wand of paralysis (88)
Scrolls
 h - 6 scrolls of immolation
 i - 15 scrolls of teleportation {@r3 !r}
 j - 4 scrolls of fog {!r}
 k - 2 scrolls of torment
 n - 8 scrolls of poison
 o - 14 scrolls of fear {!r}
 s - a scroll of enchant armour
 t - 6 scrolls of vulnerability
 x - 4 scrolls of summoning
 y - a scroll of revelation
 K - 4 scrolls of blinking {@r4}
 R - 2 scrolls of amnesia
Potions
 e - 7 potions of heal wounds {@q2 !q}
 m - 2 potions of mutation
 p - 6 potions of resistance
 r - 5 potions of enlightenment
 D - 6 potions of lignification {@q6}
 E - 12 potions of curing {@q1 !q}
 I - a potion of cancellation
 J - 5 potions of brilliance
 S - 2 potions of invisibility
 T - 7 potions of haste {@q4 !q}
 W - 13 potions of ambrosia
Miscellaneous
 b - a sack of spiders
 v - a phantom mirror
 N - a lightning rod (inert)
 X - a phial of floods


   Skills:
 + Level 21.2 Fighting
 - Level 18.0 Dodging
 - Level 2.0 Stealth
 - Level 10.0 Shields
 - Level 18.0 Spellcasting
 - Level 15.0 Conjurations
 - Level 4.0 Hexes
 - Level 12.0 Summonings
 - Level 5.0 Translocations
 - Level 10.5 Fire Magic
 - Level 11.1 Air Magic
 - Level 24.0 Earth Magic
 - Level 5.0 Alchemy
 - Level 6.0 Evocations


You had 12 spell levels left.
You knew the following spells:

 Your Spells              Type           Power      Damage    Failure   Level
a - Inner Flame           Hex/Fire       88%        N/A       1%          3
b - Lehudib's Crystal Sp  Conj/Erth      52%        10d12     1%          8
c - Plasma Beam           Fire/Air       51%        2x1d66    1%          6
d - Spellforged Servitor  Conj/Summ      55%        N/A       1%          7
e - Irradiate             Conj/Alch      49%        3d28      1%          5
f - Shatter               Erth           57%        3d43*     3%          9
h - Magic Dart            Conj           100%       1d8       0%          1
j - Searing Ray           Conj           100%       2d8       0%          2
n - Iskenderun's Mystic   Conj/Tloc      78%        2d16      1%          4
V - Swiftness             Air            82%        N/A       1%          3

Your spell library contained the following spells:

 Spells                   Type           Power      Damage    Failure   Level
 Chain Lightning          Conj/Air       44%        3d58      90%         9
 Fire Storm               Conj/Fire      54%        8d14      92%         9
 Shock                    Conj/Air       100%       1d9       0%          1
 Summon Small Mammal      Summ           100%       N/A       0%          1
 Static Discharge         Conj/Air       100%       3-8/arc   0%          2
 Passwall                 Erth           100%       N/A       0%          3
 Lee's Rapid Deconstruct  Erth           57%        3d26*     0%          5
 Necrotise                Necr           100%       1d9       1%          1
 Slow                     Hex            100%       N/A       1%          1
 Sting                    Conj/Alch      100%       1d9       1%          1
 Call Imp                 Summ           100%       N/A       1%          2
 Cigotuvi's Dreadful Rot  Necr/Alch/Air  100%       N/A       1%          2
 Ensorcelled Hibernation  Hex/Ice        88%        N/A       1%          2
 Jinxbite                 Hex            100%       N/A       1%          2
 Lesser Beckoning         Tloc           100%       N/A       1%          2
 Mercury Vapours          Alch/Air       100%       N/A       1%          2
 Scorch                   Fire           100%       2d9       1%          2
 Call Canine Familiar     Summ           100%       N/A       1%          3
 Confusing Touch          Hex            55%        N/A       1%          3
 Dazzling Flash           Conj/Hex       100%       N/A       1%          3
 Gell's Gravitas          Tloc           59%        N/A       1%          3
 Sigil of Binding         Hex            55%        N/A       1%          3
 Summon Ice Beast         Ice/Summ       82%        N/A       1%          3
 Teleport Other           Tloc           59%        N/A       1%          3
 Tukima's Dance           Hex            55%        N/A       1%          3
 Volatile Blastmotes      Fire/Tloc      100%       2d18      1%          3
 Airstrike                Air            41%        2d(6-22)  1%          4
 Flame Wave               Conj/Fire      100%       2d21      1%          4
 Fulminant Prism          Conj/Alch      49%        3d20      1%          4
 Ignite Poison            Fire/Alch      100%       N/A       1%          4
 Leda's Liquefaction      Alch/Erth      57%        N/A       1%          4
 Martyr's Knell           Necr/Summ      82%        N/A       1%          4
 Olgreb's Toxic Radiance  Alch           77%        N/A       1%          4
 Petrify                  Alch/Erth      100%       N/A       1%          4
 Sticky Flame             Fire/Alch      100%       2d15      1%          4
 Summon Blazeheart Golem  Fire/Summ      100%       N/A       1%          4
 Summon Lightning Spire   Summ/Air       100%       N/A       1%          4
 Vhi's Electric Charge    Tloc/Air       100%       N/A       1%          4
 Arcjolt                  Conj/Air       44%        1d54      1%          5
 Borgnjor's Vile Clutch   Necr/Erth      42%        N/A       1%          5
 Fireball                 Conj/Fire      54%        3d21      1%          5
 Freezing Cloud           Conj/Ice/Air   37%        6-21      1%          5
 Summon Forest            Summ/Tloc      46%        N/A       1%          5
 Summon Mana Viper        Hex/Summ       91%        N/A       1%          5
 Bombard                  Conj/Erth      52%        9d9       1%          6
 Starburst                Conj/Fire      54%        6d15      1%          6
 Orb of Destruction       Conj           46%        9d12      1%          7
 Passage of Golubria      Tloc           59%        N/A       2%          4
 Silence                  Hex/Air        35%        N/A       2%          5
 Yara's Violent Unravell  Hex/Alch       37%        3d15      2%          5
 Summon Cactus Giant      Summ           53%        N/A       2%          6
 Sublimation of Blood     Necr           30%        N/A       3%          2
 Cause Fear               Hex            27%        N/A       3%          4
 Dimensional Bullseye     Hex/Tloc       28%        N/A       3%          4
 Fugue of the Fallen      Necr           30%        N/A       6%          3
 Ozocubu's Armour         Ice            30%        N/A       6%          3
 Vampiric Draining        Necr           30%        2d8       6%          3
 Anguish                  Hex/Necr       22%        N/A       9%          4
 Eringya's Noxious Bog    Alch           38%        4d6       11%         6
 Summon Hydra             Summ           53%        N/A       12%         7
 Animate Dead             Necr           30%        N/A       21%         4
 Metabolic Englaciation   Hex/Ice        22%        N/A       24%         5
 Maxwell's Capacitive Co  Air            41%        ∞         32%         8
 Dispersal                Tloc           29%        N/A       36%         6
 Ignition                 Fire           50%        3d14      41%         8
 Curse of Agony           Necr           30%        N/A       50%         5
 Sculpt Simulacrum        Ice/Alch       31%        N/A       73%         6
 Haunt                    Necr/Summ      41%        N/A       82%         7
 Death Channel            Necr           15%        N/A       97%         6
 Enfeeble                 Hex            27%        N/A       97%         7
 Death's Door             Necr           15%        N/A       100%        9
 Dragon's Call            Summ           53%        N/A       100%        9


Dungeon Overview and Level Annotations

Branches:
Dungeon (15/15)            Temple (1/1) D:6            Lair (5/5) D:8
  Swamp (4/4) Lair:3        Snake (4/4) Lair:2        Slime (5/5) Lair:5
    Orc (2/2) D:11            Elf (3/3) Orc:2        Vaults (5/5) D:14
  Crypt (0/3) Vaults:2     Depths (4/4) D:15            Zot (5/5) Depths:4
 Bailey (visited)           IceCv (visited)          WizLab (visited)
Desolation (visited)      Gauntlet (visited)

Altars:
Ashenzari
Cheibriados
Dithmenos
Elyvilon
Fedhas
Gozag
Hepliaklqana
Kikubaaqudgha
Makhleb
Nemelex Xobeh
Okawaru
Qazlal
Ru
Sif Muna
Trog
Uskayaw
Vehumet
Wu Jian
Xom
Yredelemnul
Zin
The Shining One
Beogh

Shops:
D:9 *   D:11 (   Orc:1 =([   Orc:2 *(??   Elf:3 *   Snake:3 =:=   Vaults:1 *[
Vaults:4 **?[

Portals:
Hell: Depths:1 Depths:2 Depths:3 Depths:4
Abyss: Depths:3
Pandemonium: Depths:2
Ziggurat: Depths:1
Trove: Vaults:4 (give 8 potions of haste)

Annotations:
D:15 Omier's ghost, adept NaHu
Lair:4 3 runed translucent doors, Agan's ghost, journeyman MeSh
Vaults:1 exclusion: downstairs
Vaults:3 2 transporters, Mara
Depths:4 1 runed translucent door
Zot:5 1 exclusion


Innate Abilities, Weirdness & Mutations

You can breathe corrosive fumes.
Your golden yellow scales are hard. (AC +12)
You cannot fit into any form of body armour.
You have acidic saliva.
You are cold-blooded and may be slowed by cold attacks.
You are resistant to acid. (rCorr)
You are very dopey. (Int -4)
Your flesh is heat resistant. (rF+)
You are frail. (-10% HP)
Your muscles are strong. (Str +4, Int/Dex -1)


Message History

You kill the demonspawn blood saint!
Vehumet accepts your kill.
The balrug is moderately wounded.
Ka-crash!
Casting: Shatter (dangerous; 3% risk of failure)
Confirm with . or Enter, or press ? or * to list all spells.
Aiming: Lehudib's Crystal Spear (mildly dangerous; 1% risk of failure)
Press: ? - help, Shift-Dir - straight line, f - balrug
Aim: a balrug, wielding a +1 demon whip of flaming (moderately wounded, 77% to hit)
The crystal spear hits the balrug!!!!
You kill the balrug!
Vehumet accepts your kill.
You feel your power returning.
A Poefen, a lich and a chaos spawn come into view.
The lich shouts!
The chaos spawn's many legs skitter.
There is a stone staircase leading up here.
You climb upwards.
There is a stone staircase leading down here.
What level of the Dungeon? (default 3, ? - help)
There is an open door here.
Magic restored.
There is a stone staircase leading up here.
You climb upwards.
There is a stone staircase leading down here.
There is an open door here.
Casting: Lehudib's Crystal Spear (mildly dangerous; 1% risk of failure)
Confirm with . or Enter, or press ? or * to list all spells.
The dungeon rumbles!
Ka-crash!
Casting: Shatter (dangerous; 3% risk of failure)
Confirm with . or Enter, or press ? or * to list all spells.
The dungeon rumbles!
Ka-crash!
You see here a +0 club.
An orange demon comes into view.
Kiwkicel comes into view.
A lich comes into view.
Kiwkicel gestures.
Kiwkicel flickers and vanishes for a moment.
Blink to where?
Press: ? - help, Dir - move target
As you read the scroll of blinking {@r4}, it crumbles to dust.
You have escaped!

##..........# #...#......#.####..
##....####..###.#.#.###..#.#.....
##....+.......#...#...........#..
##....####..#.#.#.######.#.####..
##....+.......#...# #.#....'..
##....#########.>.######...&L.#..
##....# #...............####.###
#....# #............4...# #.#
##....# #......@..)÷..#)## #.#
......# #.............#.# #.##
####### #.............#.####..#.
#######################.#......#
#......# #.#..#..## #......#
....##.### #......# .#....#...#
##......# #...........
.#......###### .##..#.####.


You could see an orange demon.

Vanquished Creatures
  7 orbs of fire (Zot:5)
  5 ancient liches
  2 juggernauts
  Xtahua (Vaults:2)
  The ghost of Jehehi the Devastator, a veteran DgCj (Depths:4)
  4 Killer Klowns (Zot:5)
  4 caustic shrikes
  6 golden dragons
  Norris (Vaults:2)
  The ghost of Naxzaufe the Master Archer, a veteran DEHs of Fedhas (Depths:4)
  The ghost of Jigeme the Master Archer, a veteran DEHs of Fedhas (Depths:4)
  A bone dragon (Depths:3)
  A Brimstone Fiend (Zot:4)
  An electric golem (Zot:5)
  An iron giant (Depths:4)
  3 tentacled monstrosities
  Rupert (Snake:1)
  2 walking crystal tomes (Depths:3)
  Mlioglotl (Snake:2)
  Jorgrun (Swamp:2)
  14 Orb Guardians (Zot:5)
  5 deep elf master archers
  2 liches (Depths:3)
  3 walking earthen tomes
  5 quicksilver dragons
  3 sphinxes
  4 acid blobs
  2 deep elf blademasters
  4 titans
  2 Executioners
  3 tengu reavers
  2 thorn hunters (WizLab)
  4 death cobs
  8 shadow dragons
  18 storm dragons
  Donald (Vaults:1)
  A protean progenitor (Zot:1)
  A draconian monk (Zot:2)
  3 fire giants
  Aizul (Snake:1)
  3 fenstrider witches (WizLab)
  2 nagarajas
  2 draconian knights
  2 rockslimes
  5 draconian shifters
  2 iron dragons
  Roxanne (Swamp:2)
  An azure jelly (Slime:1)
  10 frost giants
  2 ghost moths (Zot:5)
  An imperial myrmidon (Elf:1)
  15 vault wardens
  8 deep elf elementalists
  3 deep elf sorcerers (Elf:3)
  A draconian scorcher (Depths:4)
  2 balrugs
  An orc warlord (Vaults:1)
  2 reapers
  10 very ugly things
  8 stone giants
  6 formless jellyfish
  A juggernaut skeleton (Depths:3)
  2 green draconians
  2 demonspawn corrupters
  11 ironbound preservers
  3 quicksilver oozes
  3 draconian annihilators
  2 spriggan defenders
  A demonspawn blood saint (D:3)
  A demonspawn black sun (D:15)
  6 ironbound thunderhulks
  4 dire elephants (Vaults:2)
  13 deep elf death magi
  4 vampire knights
  3 eleionomae
  2 war gargoyles (Vaults:5)
  A red draconian (Depths:4)
  3 bunyips
  A black draconian (Zot:1)
  4 white draconians
  A halazid warlock (Elf:1)
  3 purple draconians
  A deep elf demonologist (Elf:3)
  4 yellow draconians
  5 deep elf annihilators
  9 spark wasps
  A minotaur (Gauntlet)
  7 fire dragons
  65 slime creatures
  7 ettins
  Snorg (D:14)
  An entropy weaver (Vaults:4)
  5 deep elf high priests
  14 yaktaur captains
  An entropy weaver (shapeshifter) (Vaults:4)
  3 shambling mangroves
  6 great orbs of eyes
  A ragged hierophant (Desolation)
  30 vault guards
  A servant of whispers (Desolation)
  4 rakshasas
  7 ice dragons
  13 hydras
  A ghost crab (Swamp:3)
  2 ogre magi (Vaults:5)
  5 ironbound frosthearts
  3 peacekeepers
  2 radroaches
  3 spriggan air magi
  4 alligators
  4 catoblepae
  A spectral frost giant (D:15)
  4 dancing weapons
  19 anacondas
  11 centaur warriors
  A tengu warrior (D:13)
  6 deep troll earth magi
  6 boulder beetles
  A deep troll shaman (Depths:3)
  12 death yaks
  2 two-headed ogres
  5 orc high priests
  A vampire mage (Depths:2)
  17 naga sharpshooters
  2 satyrs (WizLab)
  15 naga warriors
  An occultist (D:15)
  7 shock serpents
  A shock serpent (shapeshifter) (Vaults:5)
  7 spriggan berserkers
  A hell knight (Vaults:5)
  Nergalle (D:12)
  21 deep elf knights
  7 spriggans
  A sun demon (Depths:4)
  2 soul eaters
  Amaemon (Lair:3)
  A sixfirhy (D:14)
  9 iron trolls
  5 salamander mystics (Snake:4)
  4 skysharks
  A spark wasp zombie (D:15)
  4 goliath frogs
  2 arcanists (Vaults:3)
  2 sea snakes (Snake:2)
  29 deep trolls
  9 naga ritualists
  A spriggan druid (Swamp:4)
  A mana viper (shapeshifter) (Depths:4)
  2 shadow demons
  A golden dragon zombie (Depths:3)
  An obsidian statue (Zot:5)
  A bog body (Swamp:3)
  8 lindwurms
  A swamp dragon (shapeshifter) (D:14)
  3 glowing orange brains
  17 ironbound convokers
  A tengu zombie (Depths:3)
  3 flayed ghosts
  A thermic dynamo (Elf:2)
  A lindwurm (shapeshifter) (Depths:2)
  2 steelbarb worms (shapeshifter) (Vaults:5)
  18 deep elf zephyrmancers
  6 necromancers
  9 mana vipers
  A swamp dragon (Lair:3)
  11 deep elf archers
  A wolf spider (Zot:2)
  4 phantasmal warriors (Vaults:5)
  A stone giant zombie (D:15)
  7 orc knights
  3 oklob plants
  4 large abominations
  6 cyclopes
  27 ugly things
  15 deep elf pyromancers
  8 orc sorcerers
  7 shining eyes
  15 salamanders
  3 fauns (WizLab)
  5 will-o-the-wisps
  A spectral ettin (D:15)
  4 manticores
  21 moths of wrath
  A toenail golem (Zot:5)
  3 meliai (D:15)
  2 centaur zombies (D:15)
  A kobold blastminer (Orc:2)
  A rust devil (Gauntlet)
  46 black mambas
  2 ice statues (IceCv)
  11 naga magi
  A smoke demon (Gauntlet)
  2 torpor snails
  9 guardian serpents
  A cane toad (shapeshifter) (D:15)
  An eye of devastation (Slime:4)
  13 vault sentinels
  11 cane toads
  A gargoyle (D:14)
  A centaur skeleton (D:15)
  5 kobold demonologists
  An unseen horror (D:11)
  An orange demon (Lair:3)
  2 nameless horrors
  4 freezing wraiths
  A redback zombie (D:15)
  13 rime drakes
  14 komodo dragons
  16 yaktaurs
  A queen bee (D:15)
  A troll (shapeshifter) (D:15)
  2 tyrant leeches
  15 hornets
  5 trolls
  A bloated husk (Swamp:4)
  2 polar bears
  10 saltlings (Desolation)
  4 blink frogs (Lair:4)
  2 hornets (shapeshifter)
  12 dream sheep
  An ettin zombie (D:15)
  A shadow (D:11)
  A centaur simulacrum (D:15)
  6 wraiths
  13 wyverns
  Eustachio (D:6)
  4 fire elementals (Snake:1)
  12 water elementals
  A ynoxinul (Gauntlet)
  9 basilisks
  4 humans (D:14)
  41 yaks
  A neqoxec (Zot:5)
  6 golden eyes (Slime:1)
  2 redbacks (Vaults:4)
  8 vampire mosquitoes
  2 steam dragons
  4 wargs
  A spriggan simulacrum (D:15)
  43 nagas
  13 swamp worms
  23 water moccasins
  2 hell hounds (Snake:1)
  A sky beast (D:7)
  8 swamp drakes
  3 black bears
  34 orc warriors
  An ice beast (D:8)
  A boggart (D:14)
  An ogre (Orc:1)
  7 wolves
  10 centaurs
  7 kobold brigands
  13 bullfrogs
  2 scorpions
  A human skeleton (Vaults:1)
  9 wights
  3 lindwurm simulacra (IceCv)
  42 killer bees
  4 howler monkeys
  10 electric eels
  3 crimson imps (Gauntlet)
  A bombardier beetle (D:5)
  8 hounds
  9 komodo dragon simulacra (IceCv)
  2 jellies
  30 orc priests
  A gnoll bouda (D:4)
  4 iron imps (Gauntlet)
  2 sleepcaps (D:5)
  Jessica (D:2)
  2 iguanas
  21 orc wizards
  10 hell rats
  3 acid dragon simulacra (IceCv)
  9 adders
  9 gnolls
  13 river rats
  2 white imps
  6 steam dragon simulacra (IceCv)
  5 dart slugs
  52 orcs
  6 ball pythons
  6 bats
  9 endoplasms
  2 giant cockroaches (D:1)
  12 goblins
  7 hobgoblins
  3 jackals (D:4)
  40 kobolds
  2 quokkas
  2 frilled lizards (D:1)
  A goblin zombie (D:3)
  A hobgoblin zombie (D:3)
  A kobold skeleton (D:3)
  A kobold zombie (D:3)
  2 orc skeletons (D:3)
  An orc zombie (D:3)
  13 rats
  A spectral kobold (D:10)
  3 aspiring fleshes
  2 fulminant prisms
1822 creatures vanquished.

Vanquished Creatures (collateral kills)
  An orb of fire (Zot:5)
  A juggernaut (Depths:3)
  6 golden dragons
  3 caustic shrikes
  A Tzitzimitl (Zot:1)
  2 electric golems
  7 Orb Guardians (Zot:5)
  5 tentacled monstrosities
  2 sphinxes
  A death cob (Zot:1)
  A deep elf master archer (WizLab)
  Frances (Elf:1)
  4 storm dragons
  4 shadow dragons
  3 protean progenitors
  A draconian monk (Zot:1)
  A frost giant (Depths:3)
  2 vault wardens
  A draconian shifter (Zot:1)
  An orc warlord (Vaults:4)
  A quicksilver ooze (Slime:2)
  4 ironbound thunderhulks
  A formless jellyfish (Slime:3)
  2 stone giants
  5 ironbound preservers
  3 very ugly things
  A green draconian (Zot:1)
  2 bunyips
  2 black draconians
  2 eleionomae (Swamp:4)
  A red draconian (Zot:1)
  3 white draconians
  A dire elephant (Vaults:2)
  2 yellow draconians
  3 spark wasps
  2 fire dragons
  2 yaktaur captains
  2 entropy weavers
  4 salamander tyrants (Snake:4)
  A shambling mangrove (Swamp:4)
  2 great orbs of eyes
  3 alligators
  A peacekeeper (Desolation)
  2 vault guards
  4 hydras
  A centaur warrior (Vaults:1)
  A spriggan skeleton (Depths:3)
  3 ironbound frosthearts
  19 dancing weapons
  2 deep troll earth magi (Depths:1)
  A deep troll shaman (Depths:4)
  A demonic crawler (Zot:1)
  2 naga sharpshooters (Snake:4)
  A spriggan berserker (Swamp:1)
  A sun demon (Depths:4)
  2 naga warriors (Snake:4)
  5 deep elf knights
  2 salamander mystics (Snake:4)
  A goliath frog (Swamp:3)
  An iron troll (Depths:1)
  12 deep trolls
  A mana viper (Snake:4)
  A tengu zombie (Vaults:1)
  3 deep elf archers
  2 arcanists
  7 swamp dragons (Swamp:4)
  A glowing orange brain (Depths:4)
  3 ironbound convokers
  6 deep elf zephyrmancers
  6 orc knights
  6 deep elf pyromancers
  4 lindwurms
  An ugly thing (Depths:2)
  A faun (WizLab)
  2 will-o-the-wisps
  A frost giant skeleton (Depths:3)
  A moth of wrath (Zot:5)
  A guardian serpent (Snake:4)
  5 salamanders (Snake:4)
  A black mamba (Snake:4)
  A vault sentinel (Vaults:1)
  A naga mage (Snake:4)
  6 yaktaurs
  An elf skeleton (Vaults:1)
  A human skeleton (Vaults:1)
  4 hornets
  A glass eye (Depths:3)
  4 saltlings (Desolation)
  12 slime creatures
  An air elemental (Elf:1)
  A spriggan (Swamp:2)
  2 water elementals
  A swamp worm (Swamp:1)
  3 nagas (Snake:4)
  4 swamp drakes
  A human zombie (Vaults:1)
  An earth elemental (Elf:2)
  2 lava snakes (Swamp:4)
259 creatures vanquished.

Vanquished Creatures (others)
  A death yak (Lair:5)
  A deep elf knight (Elf:3)
  An orc wizard (Orc:2)
  16 foxfires (Swamp:4)
  142 fulminant prisms
161 creatures vanquished.

Grand Total: 2242 creatures vanquished

Notes
Turn   | Place    | Note
-------+----------+-------------------------------------------
     0 | D:1      | zewo the Draconian Conjurer began the quest for the Orb.
     0 | D:1      | Reached XP level 1. HP: 14/14 MP: 3/3
   250 | D:1      | Reached XP level 2. HP: 22/22 MP: 3/5
   341 | D:1      | Reached skill level 1 in Fighting
   982 | D:1      | Reached XP level 3. HP: 28/28 MP: 1/6
  1253 | D:1      | Learned a level 2 spell: Searing Ray
  1521 | D:2      | Noticed Jessica
  1523 | D:2      | Killed Jessica
  1575 | D:2      | Reached XP level 4. HP: 36/36 MP: 4/8
  2362 | D:2      | Found a faded altar of an unknown god.
  3005 | D:3      | Found a glowing golden altar of the Shining One.
  3714 | D:4      | Reached skill level 5 in Conjurations
  3714 | D:4      | Reached XP level 5. HP: 36/41 MP: 4/10
  3948 | D:4      | Noticed a black bear
  3959 | D:4      | Killed a black bear
  4248 | D:4      | Reached XP level 6. HP: 48/48 MP: 8/12
  4673 | D:4      | Found a basalt altar of Yredelemnul.
  5295 | D:5      | Entered Level 5 of the Dungeon
  5315 | D:5      | Reached skill level 5 in Spellcasting
  5315 | D:5      | Your scales start taking on a golden yellow colour.
  5315 | D:5      | Reached XP level 7. HP: 51/55 MP: 6/14
  5315 | D:5      | Gained mutation: You are resistant to acid. (rCorr) [Yellow
                  | Draconian growth]
  5507 | D:5      | Found a snail-covered altar of Cheibriados.
  5507 | D:5      | Found a shadowy altar of Dithmenos.
  5512 | D:5      | Found an iron altar of Okawaru.
  5514 | D:5      | Found a sparkling altar of Nemelex Xobeh.
  5515 | D:5      | Found an opulent altar of Gozag.
  5522 | D:5      | Found a stormy altar of Qazlal.
  5524 | D:5      | Found an ancient bone altar of Kikubaaqudgha.
  6660 | D:6      | Found an ornate altar of the Wu Jian Council.
  6855 | D:6      | Reached skill level 1 in Evocations
  6959 | D:6      | Reached XP level 8. HP: 60/62 MP: 7/15
  7036 | D:6      | Noticed Eustachio
  7049 | D:6      | Killed Eustachio
  7403 | D:6      | Found a glowing silver altar of Zin.
  7480 | D:6      | Found a shimmering blue altar of Sif Muna.
  7507 | D:6      | Found a staircase to the Ecumenical Temple.
  7537 | Temple   | Entered the Ecumenical Temple
  7542 | Temple   | Became a worshipper of Vehumet
  7553 | D:6      | Learned a level 4 spell: Fulminant Prism
  7606 | D:7      | Found a flagged portal.
  7612 | D:7      | Learned a level 4 spell: Iskenderun's Mystic Blast
  7636 | D:7      | Reached skill level 1 in Alchemy
  7737 | Bailey   | Entered a bailey
  8211 | Bailey   | Reached * piety under Vehumet
  8211 | Bailey   | Offered knowledge of Kiss of Death by Vehumet.
  8229 | Bailey   | Reached XP level 9. HP: 47/71 MP: 0/19
  8524 | Bailey   | Noticed an orc high priest
  8537 | Bailey   | Noticed an orc knight
  8542 | Bailey   | Noticed a kobold demonologist
  8565 | Bailey   | Killed an orc knight
  8572 | Bailey   | Identified the +7 glaive of Foul Odours {freeze, rPois rF+
                  | Will+}
  8580 | Bailey   | Reached skill level 5 in Alchemy
  8851 | Bailey   | Found an iron altar of Okawaru.
  8886 | Bailey   | Noticed an orange demon
  8891 | D:7      | Noticed a sixfirhy
  8892 | D:7      | Noticed a soul eater
  8892 | D:7      | Killed a kobold demonologist
  8893 | D:7      | Reached skill level 1 in Translocations
 10071 | D:8      | Reached skill level 5 in Fighting
 10229 | D:8      | Reached XP level 10. HP: 68/81 MP: 18/22
 10424 | D:8      | Reached ** piety under Vehumet
 10426 | D:8      | Offered knowledge of Foxfire by Vehumet.
 10559 | D:8      | Found a staircase to the Lair.
 11025 | D:8      | Found a blossoming altar of Fedhas.
 11392 | D:9      | Noticed a smoke demon
 11435 | D:9      | Offered knowledge of Inner Flame by Vehumet.
 11436 | D:9      | Reached skill level 5 in Dodging
 11436 | D:9      | Reached skill level 5 in Translocations
 11555 | D:9      | Reached skill level 10 in Conjurations
 11668 | D:9      | Reached *** piety under Vehumet
 11776 | D:9      | Found Pofec Ehe's General Store.
 11781 | D:9      | Learned a level 3 spell: Inner Flame
 11847 | D:9      | Bought a scroll of teleportation for 36 gold pieces
 11965 | D:9      | Noticed a purple ugly thing
 11977 | D:9      | Killed a purple ugly thing
 11978 | D:9      | Reached skill level 1 in Hexes
 11978 | D:9      | Reached skill level 1 in Fire Magic
 12215 | D:9      | Found a broken altar of Ashenzari.
 12362 | D:10     | Entered Level 10 of the Dungeon
 12682 | D:10     | Reached XP level 11. HP: 86/86 MP: 10/23
 13269 | D:10     | Found a white marble altar of Elyvilon.
 13908 | D:10     | Found a hazy altar of Hepliaklqana.
 13911 | D:10     | Offered knowledge of Brom's Barrelling Boulder by Vehumet.
 14136 | Lair:1   | Entered Level 1 of the Lair of Beasts
 14506 | Lair:1   | Found a transporter.
 14694 | Lair:1   | Found a transporter.
 15290 | Lair:2   | Noticed a death yak
 15290 | Lair:2   | Noticed a death yak
 15290 | Lair:2   | Noticed a death yak
 15290 | Lair:2   | Noticed a death yak
 15290 | Lair:2   | Noticed a death yak
 15314 | Lair:1   | Killed a death yak
 15439 | Lair:2   | Found a gate leading to a gauntlet.
 15472 | Gauntlet | Entered a Gauntlet
 15472 | Gauntlet | Found a runed translucent gate.
 15472 | Gauntlet | Found a transporter.
 15472 | Gauntlet | Found a runed translucent gate.
 15472 | Gauntlet | Found a runed translucent gate.
 15472 | Gauntlet | Found a transporter.
 15472 | Gauntlet | Found a transporter.
 15545 | Gauntlet | Found a transporter.
 15546 | Gauntlet | Found a transporter.
 15549 | Gauntlet | Found a transporter.
 15556 | Gauntlet | Found a transporter.
 15558 | Gauntlet | Found a transporter.
 15558 | Gauntlet | Found a transporter.
 15560 | Gauntlet | Found a transporter.
 15564 | Gauntlet | Noticed a blizzard demon
 15566 | Gauntlet | Noticed a quicksilver ooze
 15568 | Gauntlet | Found a transporter.
 15569 | Gauntlet | Found a transporter.
 15791 | Gauntlet | Reached **** piety under Vehumet
 15919 | Gauntlet | Offered knowledge of Lee's Rapid Deconstruction by Vehumet.
 16050 | Gauntlet | Killed a quicksilver ooze
 16159 | Gauntlet | Identified the amulet of the Vendetta {Acrobat rElec rC+
                  | rCorr Str+3}
 16221 | Gauntlet | Noticed a minotaur
 16231 | Gauntlet | Killed a minotaur
 16468 | Lair:2   | Noticed a catoblepas
 16486 | Lair:2   | Killed a catoblepas
 16505 | Lair:2   | Reached XP level 12. HP: 60/100 MP: 4/25
 16531 | Lair:2   | Reached skill level 10 in Spellcasting
 16812 | Lair:2   | Noticed a six-headed hydra
 16820 | Lair:2   | Killed a six-headed hydra
 17035 | Lair:2   | Killed a death yak
 17303 | Lair:2   | Noticed a five-headed hydra
 17308 | Lair:2   | Killed a five-headed hydra
 17363 | Lair:2   | Found a staircase to the Snake Pit.
 17644 | Lair:2   | Killed a death yak
 17661 | Lair:2   | Killed a death yak
 17741 | Lair:2   | Killed a death yak
 18381 | Lair:3   | Noticed Amaemon
 18383 | Lair:3   | Noticed a boulder beetle
 18385 | Lair:3   | Paralysed by Amaemon for 4 turns
 18389 | Lair:3   | Killed Amaemon
 18397 | Lair:3   | Killed a boulder beetle
 18398 | Lair:3   | Reached skill level 10 in Fighting
 18531 | Lair:3   | Reached ***** piety under Vehumet
 18658 | Lair:3   | Noticed a six-headed hydra
 18674 | Lair:3   | Offered knowledge of Olgreb's Toxic Radiance by Vehumet.
 18689 | Lair:3   | Reached skill level 5 in Fire Magic
 18735 | Lair:3   | Found a staircase to the Swamp.
 18955 | Lair:3   | Noticed a boulder beetle
 18982 | Lair:3   | Killed a six-headed hydra
 18983 | Lair:3   | Reached XP level 13. HP: 94/113 MP: 10/28
 20019 | Lair:3   | Learned a level 6 spell: Plasma Beam
 20127 | Lair:4   | Reached skill level 1 in Air Magic
 20191 | Lair:4   | HP: 4/113 [cloud of flame (4)]
 20214 | Lair:4   | HP: 4/113 [spore (7)]
 21215 | Lair:4   | Reached skill level 5 in Air Magic
 21345 | Lair:4   | Found a runed translucent gate.
 21346 | Lair:4   | Found a runed translucent gate.
 21347 | Lair:4   | Found a runed translucent gate.
 21496 | Lair:4   | Offered knowledge of Ozocubu's Refrigeration by Vehumet.
 21757 | Lair:4   | Noticed Agan's ghost (journeyman MeSh)
 22069 | Lair:5   | Entered Level 5 of the Lair of Beasts
 23297 | Lair:5   | Reached skill level 10 in Fire Magic
 23310 | Lair:5   | Gained mutation: You have acidic saliva. [Yellow Draconian
                  | growth]
 23310 | Lair:5   | Reached XP level 14. HP: 70/121 MP: 24/29
 24756 | Lair:5   | Found a staircase to the Slime Pits.
 24811 | Lair:5   | Offered knowledge of Starburst by Vehumet.
 24928 | Lair:5   | Reached skill level 10 in Air Magic
 25644 | D:11     | Found a staircase to the Orcish Mines.
 25650 | D:11     | Found Coefunn's Weapon Boutique.
 26913 | D:12     | Noticed Nergalle
 26916 | D:12     | Killed Nergalle
 27231 | D:12     | Identified the +0 leather armour of the Sunfish {-Tele
                  | Rampage rCorr Stlth+} (You took it off a kobold on level 12
                  | of the Dungeon)
 27724 | D:13     | Found a frozen archway.
 27797 | IceCv    | Entered an ice cave
 27988 | IceCv    | Reached skill level 1 in Shields
 28203 | IceCv    | Offered knowledge of Fireball by Vehumet.
 28220 | IceCv    | Learned a level 5 spell: Fireball
 28510 | D:13     | Identified the +1 robe of Asceticism {rC+ Int-3 Dex+3
                  | Stlth+}
 29563 | D:14     | You fall into a shaft and drop 1 floor!
 29563 | D:15     | Entered Level 15 of the Dungeon
 29589 | D:15     | Reached XP level 15. HP: 93/128 MP: 24/31
 30055 | D:14     | Noticed Snorg
 30057 | D:14     | Killed Snorg
 30314 | D:14     | Reached skill level 5 in Shields
 30432 | D:14     | Found a gate to the Vaults.
 30475 | D:14     | Found a stormy altar of Qazlal.
 31171 | D:15     | Found a runed translucent gate.
 31891 | D:15     | Reached skill level 5 in Evocations
 32076 | D:15     | Found a staircase to the Depths.
 32653 | D:15     | Found a runed translucent gate.
 32653 | D:15     | Noticed Omier's ghost (adept NaHu)
 32654 | D:15     | Found a runed translucent gate.
 33233 | Orc:1    | Entered Level 1 of the Orcish Mines
 33288 | Orc:1    | Offered knowledge of Irradiate by Vehumet.
 33295 | Orc:1    | Learned a level 5 spell: Irradiate
 33483 | Orc:1    | Found Kiwoit's Antique Weapon Shop.
 33560 | Orc:1    | Found Osopp's Jewellery Boutique.
 33669 | Orc:1    | Found Lacun's Armour Emporium.
 33882 | Orc:2    | Entered Level 2 of the Orcish Mines
 36117 | Orc:2    | Found a staircase to the Elven Halls.
 36273 | Orc:2    | Found Hirghyame's Assorted Antiques.
 36273 | Orc:2    | Found Wutat's Antique Weapon Boutique.
 36274 | Orc:2    | Found Uquidwism's Magic Scroll Shop.
 36278 | Orc:2    | Found Nujifag's Magic Scroll Shop.
 36283 | Orc:2    | Bought a scroll of teleportation for 42 gold pieces
 36284 | Orc:2    | Bought a scroll of teleportation for 39 gold pieces
 36284 | Orc:2    | Bought a scroll of fear for 52 gold pieces
 36286 | Orc:2    | Bought a scroll of fear for 56 gold pieces
 36405 | Orc:2    | Found a roughly hewn altar of Beogh.
 36521 | Orc:2    | Acquired a book of the Moon
 36581 | Orc:1    | Bought the ring "Lawn" {*Corrode Int+6 Dex+3 SInv Stlth+}
                  | for 709 gold pieces
 37441 | Snake:1  | Entered Level 1 of the Snake Pit
 37696 | Snake:1  | Offered knowledge of Spellforged Servitor by Vehumet.
 37728 | Snake:1  | Learned a level 7 spell: Spellforged Servitor
 37814 | Snake:1  | Reached skill level 1 in Summonings
 37869 | Snake:1  | Identified the serpent talisman "Ilyv" {rElec rF+}
 37869 | Snake:1  | Noticed Aizul
 37876 | Snake:1  | Reached XP level 16. HP: 114/144 MP: 7/32
 37877 | Snake:1  | Killed Aizul
 38392 | Snake:1  | Noticed Azrael
 38394 | Snake:1  | Azrael changed into Azrael the soul eater
 38394 | Snake:1  | Noticed Azrael
 38395 | Snake:1  | Killed Azrael the soul eater
 38697 | Snake:1  | Noticed Rupert
 38893 | Snake:1  | Killed Rupert
 39309 | Snake:2  | Reached skill level 5 in Summonings
 39764 | Snake:2  | Noticed Mlioglotl
 40158 | Snake:2  | Identified the +5 dagger "Coixzuesch" {freeze, Str+4}
 40543 | Snake:2  | Killed Mlioglotl
 42651 | Snake:3  | Offered knowledge of Eringya's Noxious Bog by Vehumet.
 43947 | Snake:3  | Found Wegeuj's Jewellery Shoppe.
 43947 | Snake:3  | Found Pianek's Book Shop.
 43949 | Snake:3  | Found Ubbues's Jewellery Shoppe.
 43959 | Snake:3  | Bought an amulet of magic regeneration for 450 gold pieces
 44152 | Snake:4  | Entered Level 4 of the Snake Pit
 44500 | Snake:4  | Reached skill level 10 in Summonings
 44650 | Snake:4  | Reached XP level 17. HP: 115/150 MP: 4/34
 46773 | Snake:4  | Reached ****** piety under Vehumet
 46824 | Snake:4  | Reached skill level 10 in Dodging
 47064 | Snake:4  | Got a serpentine rune of Zot
 47325 | Swamp:1  | Entered Level 1 of the Swamp
 47367 | Swamp:1  | Offered knowledge of Fire Storm by Vehumet.
 47367 | Swamp:1  | Offered knowledge of Shatter by Vehumet.
 47367 | Swamp:1  | Offered knowledge of Chain Lightning by Vehumet.
 47491 | Swamp:1  | Reached skill level 1 in Earth Magic
 47757 | Swamp:1  | Noticed a tentacled monstrosity
 47768 | Swamp:1  | Killed a tentacled monstrosity
 47866 | Swamp:2  | Reached skill level 2 in Earth Magic
 47903 | Swamp:2  | Noticed Roxanne
 47976 | Swamp:2  | Noticed Jorgrun
 47981 | Swamp:2  | Killed Jorgrun
 47982 | Swamp:2  | Reached XP level 18. HP: 161/161 MP: 23/35
 48501 | Swamp:2  | Killed Roxanne
 48615 | Swamp:3  | Reached skill level 3 in Earth Magic
 48997 | Swamp:4  | Entered Level 4 of the Swamp
 49354 | Swamp:4  | Reached skill level 4 in Earth Magic
 49781 | Swamp:4  | Got a decaying rune of Zot
 50426 | Vaults:1 | Entered Level 1 of the Vaults
 50450 | Vaults:1 | Found Jumiodoc's Assorted Antiques.
 50549 | Vaults:1 | Reached skill level 5 in Earth Magic
 50756 | Vaults:1 | Bought a brightly glowing staff for 748 gold pieces
 50756 | Vaults:1 | Identified the staff "Nunu" {rF+ Summ Fire Alchemy} (You
                  | bought it in a shop on level 1 of the Vaults)
 50793 | Vaults:1 | Found Hak Toc's Armour Boutique.
 50842 | Vaults:1 | Found a runed translucent door.
 50862 | Vaults:1 | Noticed Donald
 50865 | Vaults:1 | Killed Donald
 51859 | Vaults:2 | Noticed Xtahua
 51959 | Vaults:2 | Reached skill level 6 in Earth Magic
 51961 | Vaults:2 | Reached XP level 19. HP: 168/168 MP: 13/37
 52109 | Vaults:2 | Reached skill level 10 in Shields
 52391 | Vaults:2 | Killed Xtahua
 52648 | Vaults:2 | Found a staircase to the Crypt.
 52648 | Vaults:2 | Found a basalt altar of Yredelemnul.
 52649 | Vaults:2 | Found an ancient bone altar of Kikubaaqudgha.
 52912 | Vaults:2 | Reached skill level 7 in Earth Magic
 53178 | Vaults:2 | Noticed Norris
 53184 | Vaults:2 | Killed Norris
 53185 | Vaults:2 | Reached skill level 15 in Spellcasting
 53197 | Vaults:2 | Reached skill level 15 in Conjurations
 53834 | Snake:3  | Bought the ring of Qabi {rElec Str+6 Dex-3 Slay+2 SInv} for
                  | 563 gold pieces
 54208 | Vaults:3 | Reached skill level 8 in Earth Magic
 54313 | Vaults:3 | Found a transporter.
 54313 | Vaults:3 | Found a transporter.
 54366 | Vaults:3 | Noticed Mara
 54616 | Vaults:3 | Reached skill level 9 in Earth Magic
 54968 | Vaults:3 | Reached skill level 10 in Earth Magic
 55316 | Vaults:4 | Found a glowing golden altar of the Shining One.
 55330 | Vaults:4 | Found Jaipithra's Magic Scroll Boutique.
 55362 | Vaults:4 | Bought a scroll of enchant armour for 120 gold pieces
 55574 | Vaults:4 | Reached skill level 11 in Earth Magic
 55772 | Vaults:4 | Reached skill level 12 in Earth Magic
 55773 | Vaults:4 | Reached XP level 20. HP: 176/176 MP: 17/39
 56089 | Vaults:4 | Found Pyschiel's Antique Armour Emporium.
 56239 | Vaults:4 | Reached skill level 13 in Earth Magic
 56386 | Vaults:4 | Found a portal to a secret trove of treasure.
 56403 | Vaults:4 | Found Juatof's Assorted Antiques.
 56495 | Vaults:4 | Found Desuufeitu's General Store.
 56638 | Vaults:4 | Bought a phantom mirror for 840 gold pieces
 56676 | Vaults:4 | Bought a phial of floods for 400 gold pieces
 56706 | Vaults:4 | Identified the +6 ring mail of the Fife {Fly Int+3}
 56957 | Elf:1    | Entered Level 1 of the Elven Halls
 57129 | Elf:1    | Found a crumbling gateway.
 57201 | Elf:1    | Learned a level 8 spell: Lehudib's Crystal Spear
 57202 | Desolati | Entered the Desolation of Salt
 57253 | Desolati | Reached skill level 14 in Earth Magic
 57971 | Elf:1    | Noticed Frances
 57978 | Elf:1    | Killed Frances
 58240 | Elf:2    | Reached skill level 15 in Earth Magic
 58710 | Elf:2    | Got the Compilation of Beguiled Esoterica
 58717 | Elf:2    | Reached skill level 16 in Earth Magic
 58864 | Elf:2    | Found a runed translucent gate.
 58865 | Elf:2    | Found a runed translucent gate.
 58865 | Elf:2    | Found a runed translucent gate.
 59561 | Elf:3    | Entered Level 3 of the Elven Halls
 59581 | Elf:3    | Found Weymm's General Store.
 59671 | Elf:3    | Reached skill level 17 in Earth Magic
 59688 | Elf:3    | Reached XP level 21. HP: 168/176 MP: 8/40
 60477 | Elf:3    | Reached skill level 18 in Earth Magic
 60579 | Elf:3    | Identified the +9 trident of the Poles {spect, rN+}
 60879 | Elf:3    | Found the +9 scales of the Dragon King {rPois rF+ rC+
                  | Will+}
 60890 | Elf:3    | Identified the +2 rapier "Enwoak" {speed, rC+}
 60890 | Elf:3    | Identified the ring "Geurul" {rN+ Dex+3 SInv}
 60921 | Elf:3    | Got the Enchiridion on the Charnel House
 60926 | Elf:3    | Got the Discursus on Production
 61309 | Depths:1 | Entered Level 1 of the Depths
 61478 | Depths:1 | Found a one-way gateway to a ziggurat.
 61566 | Depths:1 | Found a gateway to Hell.
 61694 | Depths:1 | Reached skill level 19 in Earth Magic
 62004 | Depths:1 | Found a shadowy altar of Dithmenos.
 62931 | Depths:2 | Found a one-way gate leading to the halls of Pandemonium.
 63138 | Depths:2 | Noticed a caustic shrike
 63144 | Depths:2 | Killed a caustic shrike
 63145 | Depths:2 | Reached skill level 20 in Earth Magic
 64059 | Depths:3 | Learned a level 9 spell: Shatter
 64125 | Depths:3 | Found a magical portal.
 64143 | WizLab   | Entered Eringya's Formal Garden
 64426 | WizLab   | Reached skill level 21 in Earth Magic
 64463 | WizLab   | Reached XP level 22. HP: 150/190 MP: 15/41
 65100 | WizLab   | Got Eringya's Meditations on Ceration
 65161 | WizLab   | Found a blossoming altar of Fedhas.
 65354 | Depths:3 | Noticed a golden dragon
 65485 | Depths:3 | Found a one-way gate to the infinite horrors of the Abyss.
 65512 | Depths:3 | Reached skill level 22 in Earth Magic
 65514 | Depths:3 | Killed a golden dragon
 65915 | Depths:3 | Noticed a golden dragon
 66073 | Depths:3 | Noticed a juggernaut
 66077 | Depths:3 | Killed a juggernaut
 66086 | Depths:3 | Noticed a golden dragon
 66088 | Depths:3 | Identified the amulet of Reimbursement {^Contam RegenMP+
                  | Str+3 Int+6 Dex+3}
 66102 | Depths:3 | Killed a golden dragon
 66404 | Depths:3 | Killed a golden dragon
 66581 | Depths:3 | Noticed a caustic shrike
 66584 | Depths:3 | Killed a caustic shrike
 66714 | Depths:3 | Reached skill level 23 in Earth Magic
 66730 | Depths:3 | Noticed a golden dragon
 66738 | Depths:3 | Killed a golden dragon
 66795 | Depths:3 | Noticed a juggernaut
 66801 | Depths:3 | Killed a juggernaut
 66929 | Depths:3 | Identified the amulet of Uteto Ipt {Regen+ Int+4 Dex+2}
 68106 | Depths:4 | Entered Level 4 of the Depths
 68360 | Depths:4 | Noticed a juggernaut
 68467 | Depths:4 | Noticed a caustic shrike
 68467 | Depths:4 | Noticed a caustic shrike
 68467 | Depths:4 | Noticed a caustic shrike
 68467 | Depths:4 | Noticed a caustic shrike
 68468 | Depths:4 | Noticed a caustic shrike
 68474 | Depths:3 | Killed a caustic shrike
 68641 | Depths:4 | Killed a juggernaut
 68703 | Depths:4 | Noticed a golden dragon
 69276 | Depths:4 | Killed a golden dragon
 69315 | Depths:4 | Reached skill level 24 in Earth Magic
 69494 | Depths:4 | Found a gate to the Realm of Zot.
 69693 | Depths:4 | Found a runed translucent door.
 69694 | Depths:4 | Noticed Jehehi's ghost (veteran DgCj)
 69799 | Depths:4 | Found a sacrificial altar of Ru.
 69863 | Depths:4 | Found the +15 Maxwell's patent armour {-Cast -Tele rElec
                  | Will+ rCorr}
 69922 | Depths:4 | Killed a caustic shrike
 70020 | Depths:4 | Killed a caustic shrike
 70028 | Depths:4 | Killed a caustic shrike
 70033 | Depths:4 | Killed a caustic shrike
 70034 | Depths:4 | Reached XP level 23. HP: 157/198 MP: 5/42
 70265 | Depths:4 | Killed Jehehi's ghost
 70291 | Depths:4 | Found a runed translucent door.
 70292 | Depths:4 | Noticed Naxzaufe's ghost (veteran DEHs)
 70357 | Depths:4 | Noticed Jigeme's ghost (veteran DEHs)
 70361 | Depths:4 | Reached skill level 15 in Fighting
 70365 | Depths:4 | Killed Jigeme's ghost
 70472 | Depths:4 | Found a runed translucent door.
 70512 | Depths:4 | Killed Naxzaufe's ghost
 70576 | Depths:4 | Identified the +2 robe "Sir Aklu" {+Inv rElec rN++ Will+}
 70814 | Vaults:1 | Bought a potion of haste for 440 gold pieces
 70814 | Vaults:1 | Bought a scroll of blinking for 330 gold pieces
 70814 | Vaults:1 | Bought a potion of mutation for 352 gold pieces
 70991 | Vaults:5 | Entered Level 5 of the Vaults
 71011 | Vaults:5 | Noticed an ancient lich
 71015 | Vaults:5 | Killed an ancient lich
 71015 | Vaults:5 | Identified the ring "Futow" {rC+ Will+ Str+3 Slay+2}
 71585 | Vaults:5 | Identified the ring of Mycabbon {Wiz rElec}
 71588 | Vaults:5 | Got the Incunable of the Liminal Tropics
 71597 | Vaults:5 | Got a silver rune of Zot
 71717 | Vaults:5 | Identified the +6 rapier of the Crawling Thing {freeze,
                  | rPois Int-4 Dex+6}
 71736 | Vaults:5 | Identified the +1 helmet of Pan-Flutes {Rampage rElec}
 71901 | Vaults:5 | Identified the +6 dagger "Bepaf Kue" {freeze, Will+ rCorr
                  | SInv}
 71924 | Vaults:5 | Identified the +9 hand axe "Raetink" {heavy, *Rage rCorr
                  | Str+2}
 72489 | Orc:2    | Bought a scroll of revelation for 97 gold pieces
 72489 | Orc:2    | Bought a scroll of enchant armour for 97 gold pieces
 72489 | Orc:2    | Bought a scroll of fog for 52 gold pieces
 72493 | Orc:2    | Bought a scroll of fear for 56 gold pieces
 72493 | Orc:2    | Bought a scroll of fear for 56 gold pieces
 72493 | Orc:2    | Bought a scroll of revelation for 105 gold pieces
 72497 | Orc:2    | Bought a scroll of fog for 152 gold pieces
 72497 | Orc:2    | Bought a sack of spiders for 1520 gold pieces
 72723 | Slime:1  | Entered Level 1 of the Pits of Slime
 72800 | Slime:1  | Reached XP level 24. HP: 208/214 MP: 19/43
 72940 | Slime:3  | Gained mutation: You are occasionally teleported next to
                  | monsters. [a shining eye]
 72955 | Slime:2  | Lost mutation: You are occasionally teleported next to
                  | monsters. [potion of mutation]
 72955 | Slime:2  | Gained mutation: Your flesh is heat resistant. (rF+)
                  | [potion of mutation]
 72955 | Slime:2  | Gained mutation: You are dopey. (Int -2) [potion of
                  | mutation]
 72955 | Slime:2  | Gained mutation: You have sharp toenails. [potion of
                  | mutation]
 73391 | Slime:3  | Paralysed by a formless jellyfish for 1 turns
 73392 | Slime:3  | Gained mutation: Potions are less effective at restoring
                  | your health. [a shining eye]
 73394 | Slime:3  | Paralysed by a formless jellyfish for 1 turns
 73395 | Slime:3  | Gained mutation: You are weak. (Str -2) [a shining eye]
 73397 | Slime:3  | Paralysed by a formless jellyfish for 1 turns
 73398 | Slime:3  | Gained mutation: You sometimes lose your temper in combat.
                  | [a shining eye]
 73672 | Slime:2  | Lost mutation: You have sharp toenails. [potion of
                  | mutation]
 73672 | Slime:2  | Lost mutation: Potions are less effective at restoring your
                  | health. [potion of mutation]
 73672 | Slime:2  | Lost mutation: You are weak. (Str -2) [potion of mutation]
 73672 | Slime:2  | Lost mutation: You are dopey. (Int -2) [potion of mutation]
 73673 | Slime:2  | Lost mutation: You sometimes lose your temper in combat.
                  | [potion of mutation]
 73673 | Slime:2  | Lost mutation: Your flesh is heat resistant. (rF+) [potion
                  | of mutation]
 73673 | Slime:2  | Gained mutation: Your system is resistant to poisons.
                  | (rPois) [potion of mutation]
 73673 | Slime:2  | Gained mutation: You are occasionally teleported next to
                  | monsters. [potion of mutation]
 73673 | Slime:2  | Gained mutation: You are robust. (+10% HP) [potion of
                  | mutation]
 73674 | Slime:2  | Lost mutation: You are occasionally teleported next to
                  | monsters. [potion of mutation]
 73674 | Slime:2  | Lost mutation: You are robust. (+10% HP) [potion of
                  | mutation]
 73674 | Slime:2  | Lost mutation: Your system is resistant to poisons. (rPois)
                  | [potion of mutation]
 73674 | Slime:2  | Gained mutation: You are dopey. (Int -2) [potion of
                  | mutation]
 73674 | Slime:2  | Gained mutation: Your muscles are strong. (Str +4, Int/Dex
                  | -1) [potion of mutation]
 73674 | Slime:2  | Gained mutation: Your flesh is heat resistant. (rF+)
                  | [potion of mutation]
 73681 | Slime:4  | Paralysed by a formless jellyfish for 1 turns
 73857 | Slime:4  | Paralysed by a formless jellyfish for 1 turns
 73859 | Slime:4  | Reached skill level 15 in Dodging
 73861 | Slime:4  | Paralysed by a formless jellyfish for 1 turns
 74182 | Slime:4  | Gained mutation: You are frail. (-10% HP) [a shining eye]
 74204 | Slime:5  | Entered Level 5 of the Pits of Slime
 74652 | Zot:1    | Entered Level 1 of the Realm of Zot
 76114 | Zot:5    | Entered Level 5 of the Realm of Zot
 76835 | Zot:5    | Learned a level 3 spell: Swiftness
 76865 | Zot:5    | Noticed an ancient lich
 76867 | Zot:5    | Killed an ancient lich
 76945 | Zot:5    | Noticed an orb of fire
 77025 | Zot:5    | Noticed an orb of fire
 77031 | Zot:5    | Gained mutation: You are very dopey. (Int -4) [an orb of
                  | fire]
 77033 | Zot:5    | Killed an orb of fire
 77034 | Zot:5    | Noticed a Killer Klown
 77036 | Zot:5    | Killed an orb of fire
 77041 | Zot:5    | Killed a Killer Klown
 77058 | Zot:5    | Noticed an orb of fire
 77063 | Zot:5    | Reached XP level 25. HP: 188/204 MP: 35/45
 77064 | Zot:5    | Killed an orb of fire
 77065 | Zot:5    | Noticed an orb of fire
 77068 | Zot:5    | Killed an orb of fire
 77222 | Zot:5    | Noticed an orb of fire
 77233 | Zot:5    | Killed an orb of fire
 77239 | Zot:5    | Noticed an ancient lich
 77242 | Zot:5    | Killed an ancient lich
 77246 | Zot:5    | Noticed an orb of fire
 77249 | Zot:5    | Killed an orb of fire
 77258 | Zot:5    | Noticed an ancient lich
 77261 | Zot:5    | Noticed a Killer Klown
 77262 | Zot:5    | Noticed a Killer Klown
 77263 | Zot:5    | Killed an ancient lich
 77264 | Zot:5    | Noticed an ancient lich
 77266 | Zot:5    | Killed a Killer Klown
 77266 | Zot:5    | Killed a Killer Klown
 77266 | Zot:5    | Killed an ancient lich
 77284 | Zot:5    | Noticed a Killer Klown
 77289 | Zot:5    | Killed a Killer Klown
 77597 | Zot:5    | Noticed an orb of fire
 77608 | Zot:5    | Killed an orb of fire
 77804 | Zot:5    | Noticed an orb of fire
 77807 | Zot:5    | Killed an orb of fire
 77915 | Zot:5    | Got the Orb of Zot
 78468 | D:13     | Noticed Jaales the pandemonium lord
 78623 | D:3      | Noticed Poefen the pandemonium lord
 78663 | D:1      | Noticed Kiwkicel the pandemonium lord
 78668 | D:$      | Escaped with the Orb!

Illustrated notes

Levels and vault maps discovered:
D:1:      lemuel_arrival_hallway, layout_basic, st_stairs_4
D:2:      layout_loops_corners, shapermc_ecumenical_altar_petra, uniq_jessica
D:3:      layout_loops_cross, nicolae_tso_besieged_by_evil
D:4:      layout_basic, mainiacjoe_overflow_cross_hatched,
          roderic_serpentine_path
D:5:      layout_basic, nicolae_overflow_hallway_of_the_gods
D:6:      layout_rooms, lemuel_blue_sif_altar,
          nicolae_wu_jian_immortal_techniques, zin_treasury,
          minmay_temple_entry_proselytizer, uniq_eustachio
D:7:      layout_basic, enter_bailey_6
D:8:      layout_rooms, fedhas_altar_fruit_tree, erik_lair_island
D:9:      layout_irregular_city, kennysheep_little_box, serial_shops, shop,
          fungi_pond_lemuel, grunt_ministairs_12
D:10:     layout_stronghold, nicolae_hepliaklqana_monster_ancestors,
          overflow_temple_1_default, minivault_16
D:11:     layout_stronghold, orc_david_3
D:12:     layout_roguey, uniq_nergalle
D:13:     layout_basic, portal_ice_cave_rime
D:14:     layout_irregular_city, hellmonk_vaults_keyhole,
          nicolae_qazlal_general_emergency, uniq_snorg
D:15:     grunt_enter_depths_magical_seal, layout_loops_ring, special_room
          [special_room_bee], nrook_mini_backslash, gammafunk_ghost_necromancy
Temple:   hellmonk_temple_two_chambers
Lair:1:   gammafunk_worm_tunnel, layout_regular_city, wad_woods_06,
          lemuel_fruit_fields, lemuel_fruit_tree, lemuel_fruit_fields
Lair:2:   layout_hall_layers, minmay_snake_entry_six_corridors,
          gauntlet_entry_generic, lightli_volcano_entry_magma_tube
Lair:3:   layout_loops_ring, mainiacjoe_swamp_entry_lozenge_pond, uniq_amaemon
Lair:4:   layout_long_grid, gammafunk_ghost_icy, special_room
          [special_room_mythical_zoo], kennysheep_abandoned_house,
          lemuel_fruit_fields
Lair:5:   evilmike_catoblepas_cave, layout_cave_shapes,
          dpeg_slime_entry_enclosed, grunt_forest_stairs_basic,
          kennysheep_rathole
Swamp:1:  cheibrodos_swamp_monstrosity, layout_falls_marsh,
          hangedman_swamp_ruin_wall
Swamp:2:  layout_basic_swamp, serial_swamp_ruin, hangedman_swamp_ruin_hall,
          evilmike_swamp_ruin_house_2, uniq_jorgrun, uniq_roxanne
Swamp:3:  layout_basic_swamp, nicolae_swamp_fairy_circle
Swamp:4:  swamp_fiery, layout_basic_swamp
Snake:1:  layout_rooms, uniq_azrael, uniq_rupert, uniq_aizul
Snake:2:  layout_chambers, special_room, grunt_ministairs_13,
          nicolae_triple_integral, serial_bayou_shore_a, uniq_mlioglotl
Snake:3:  layout_cave_pods, grunt_megastairs_2, minmay_shop_grove
Snake:4:  snake_pit_salamanders_mu, layout_chambers, nicolae_snake_lava_pool
Slime:1:  layout_caves
Slime:2:  layout_caves
Slime:3:  layout_caves
Slime:4:  layout_caves, nicolae_slime_barrier
Slime:5:  slime_pit_nicolae_inversion
Orc:1:    layout_diamond_mine, serial_shops, nicolae_shop_rolling_square, shop,
          shop, shop, nicolae_orc_takin'_care_of_business
Orc:2:    st_orc_mages, layout_caves, basic_altar, nicolae_orc_crystal_seam
Elf:1:    nicolae_elf_arrival_fired_up, layout_geoelf_diagonals,
          portal_desolation_entry_nicolae_slug, guppyfry_library_mini,
          uniq_frances
Elf:2:    nicolae_elf_blades_crystal_corner, layout_rooms,
          fake_guardian_serpent_vault
Elf:3:    elf_hall, layout_rooms, serial_shops, nicolae_shop_trees
Vaults:1: nicolae_vaults_shelves_hall, v_misc_26,
          nicolae_vaults_taking_the_gang_shopping, grunt_vaults_funnel,
          hangedman_vaults_variations, nicolae_vaults_more_shelving_2,
          nicolae_vaults_trapezoid_lopsided_2, ontoclasm_vaults_bender,
          nicolae_vaults_oozy_zoo, layout_vaults_big_room, serial_shops, shop,
          uniq_donald
Vaults:2: hangedman_vaults_nails, nicolae_vaults_ninety_degrees,
          minmay_crypt_entry_necro_gods, vaults_dpeg_doors,
          grunt_vaults_hallway_long, nicolae_vaults_triangles,
          hangedman_vaults_capsules, grunt_vaults_twisty,
          nicolae_vaults_little_guard_posts,
          vaults_standard_mumra_enter_the_diamond, nicolae_vaults_house_1,
          nicolae_vaults_cochlea, nicolae_vaults_diamond_2, v_alt_pattern_1,
          nicolae_vaults_little_squares_6, layout_vaults_big_cross, uniq_norris,
          uniq_xtahua
Vaults:3: nicolae_vaults_tangram_2, nicolae_vaults_double_plus_2, v_pattern_3,
          nicolae_vaults_network_quinsquares
          [nicolae_vaults_network_quincunx_subvault,
          nicolae_vaults_network_quincunx_subvault,
          nicolae_vaults_network_quincunx_subvault,
          nicolae_vaults_network_quincunx_subvault], hangedman_vaults_corner,
          nicolae_vaults_stepped_doors, nicolae_vaults_network_periphery,
          nicolae_vaults_ellipses_ellipsis, hangedman_vaults_impose,
          gammafunk_the_bubble [the_bubble_gammafunk_plus_minus],
          ontoclasm_vaults_decontamination, vaults_dpeg_diagonal,
          layout_vaults_omnibox, uniq_mara
Vaults:4: vaults_dpeg_ring, nicolae_vaults_whirlpool_walls, lemuel_angel_altar,
          v_misc_28, nicolae_vaults_frosty_reception,
          nicolae_vaults_tetromino_Z_2, grunt_vaults_focal,
          hangedman_vaults_nodes, v_misc_4, nicolae_vaults_specimen_jars,
          ontoclasm_vaults_chip, nicolae_vaults_border_crossing,
          layout_vaults_ring, serial_shops, shop_statue,
          nicolae_shop_temple_entry_statues_fountains, nicolae_shop_peninsula,
          nicolae_shop_pleasant_corner_grove, nicolae_trove_entry_crossroad,
          serial_glass
Vaults:5
Depths:1: layout_gridville, enter_ziggurat_e, corexii_hall_statues_l,
          hangedman_tar_grid_catacomb, grunt_decor_fettered,
          hangedman_decor_peaks_small, nicolae_dithmenos_the_darkroom
Depths:2: minmay_outward_triangles, layout_basic, pan_entry, hell_entry,
          infiniplex_staircase_zigzag_1, kennysheep_random_hallway
Depths:3: minmay_tearing_corner, layout_cave_pools,
          pf_vacation_house_of_asmodeus, abyss_entry,
          infiniplex_enter_wizlab_spiral, firewood_loft,
          infiniplex_staircase_star
Depths:4: grunt_twist_and_shout, layout_cave_pools,
          muffindrake_ghost_three_little_ghosts,
          serial_library_hellmonk_long_bookcase, lightli_too_deep,
          grunt_ministairs_11, nicolae_ru_the_path_less_chosen
Zot:1:    kennysheep_spiral_hall, layout_basic, regret_index_zotdec_onion_hex,
          st_stairs_9, grunt_ministairs_8
Zot:2:    layout_onion_interference
Zot:3:    layout_concentric_octagons, regret_index_zotdec_iron_s
Zot:4:    layout_misc_corridors, zot_minivault_6, regret_index_zotdec_banners
Zot:5:    layout_basic

Skill      XL: |  1  2  3  4  5  6  7  8  9 10 11 12 13 14 15 16 17 18 19 20 21 22 23 24 25 |
---------------+----------------------------------------------------------------------------+-----
Stealth        | 2 |  2.0
Fighting       | 1 2 4 5 7 10 13 14 17 19 21 | 21.2
Spellcasting   | 3 4 5 6 8 9 11 12 13 14 15 16 18 | 18.0
Conjurations   | 5 6 8 9 10 12 14 15 | 15.0
Evocations     | 1 2 3 4 5 6 |  6.0
Alchemy        | 3 5 |  5.0
Dodging        | 3 5 6 8 9 10 14 16 18 | 18.0
Translocations | 2 5 |  5.0
Hexes          | 2 4 |  4.0
Fire Magic     | 2 4 6 10 | 10.5
Air Magic      | 7 11 | 11.1
Shields        | 3 5 9 10 | 10.0
Summonings     | 1 10 11 12 | 12.0
Earth Magic    | 2 6 12 17 21 24 | 24.0

Action                     |  1- 3 |  4- 6 |  7- 9 | 10-12 | 13-15 | 16-18 | 19-21 | 22-24 | 25-27 || total
---------------------------+-------+-------+-------+-------+-------+-------+-------+-------+-------++-------
  Melee: Short sword       |     6 |    18 |    19 |       |       |       |       |       |       ||    43
         Tailslap          |       |     1 |     2 |     2 |     5 |     3 |    11 |    10 |     1 ||    35
         Glaive            |       |       |    13 |    11 |       |       |       |       |       ||    24
         Staff             |       |       |       |     5 |    21 |    15 |    28 |    37 |     6 ||   112
         Bite              |       |       |       |       |     1 |     3 |     5 |     8 |     1 ||    18
   Cast: Magic Dart        |    68 |    71 |    72 |    13 |     1 |     2 |     1 |       |       ||   228
         Searing Ray       |     3 |    17 |    41 |   100 |   218 |    41 |       |       |       ||   420
         Fulminant Prism   |       |       |    29 |    82 |    34 |       |       |       |       ||   145
         Iskenderun's Myst |       |       |     1 |     6 |     2 |       |     2 |       |       ||    11
         Inner Flame       |       |       |       |    85 |   287 |    70 |     4 |       |       ||   446
         Plasma Beam       |       |       |       |       |   175 |   401 |   480 |   208 |    27 ||  1291
         Fireball          |       |       |       |       |     2 |     2 |       |       |       ||     4
         Irradiate         |       |       |       |       |       |    15 |    10 |     8 |       ||    33
         Spellforged Servi |       |       |       |       |       |    50 |    74 |    66 |    12 ||   202
         Lehudib's Crystal |       |       |       |       |       |       |    10 |   169 |    59 ||   238
         Shatter           |       |       |       |       |       |       |     5 |   119 |    11 ||   135
Ability: Caustic Breath    |       |       |       |     2 |     8 |     3 |     4 |     5 |     1 ||    23
  Evoke: Wand              |       |       |     5 |     2 |     4 |     4 |     2 |    13 |     1 ||    31
         Lightning rod     |       |       |       |       |       |       |     4 |     4 |     4 ||    12
         Phantom mirror    |       |       |       |       |       |       |     1 |     1 |       ||     2
         Sack of spiders   |       |       |       |       |       |       |       |     1 |       ||     1
    Use: Scroll            |       |     9 |     2 |    13 |     9 |     7 |     7 |    10 |     2 ||    59
         Potion            |       |       |       |     1 |     6 |       |     2 |    18 |     4 ||    31
   Stab: Distracted        |       |       |       |       |       |     1 |     1 |       |       ||     2
 Armour: Skin              |    27 |    37 |    85 |   192 |   494 |   242 |   202 |   355 |    38 ||  1672
  Dodge: Dodged            |    24 |    40 |    79 |   127 |   292 |   138 |    92 |   199 |    28 ||  1019
  Block: Other             |       |       |     1 |    28 |       |       |       |       |       ||    29
         Reflection        |       |       |     1 |     7 |       |       |       |       |       ||     8
         Buckler           |       |       |       |       |       |    34 |       |       |       ||    34
         Kite shield       |       |       |       |       |       |    15 |   164 |   264 |    31 ||   474

Table legend: (Time is in decaauts)
 A = Elapsed time spent in this place.
 B = Non-inter-level travel time spent in this place.
 C = Inter-level travel time spent in this place.
 D = Time resting spent in this place.
 E = Time spent auto-exploring this place.
 F = Levels seen in this place.
 G = Mean time per level.
                   A        B        C        D        E       F      G
               +--------+--------+--------+--------+--------+-----+--------+
         Total |  79186 |  71492 |   7694 |  32366 |  26890 |  58 | 1365.3 |
       Dungeon |  22426 |  19616 |   2810 |   8068 |   8967 |  15 | 1495.1 |
        Temple |      9 |      6 |      3 |      0 |      0 |   1 |    9.0 |
          Lair |  11808 |  10928 |    880 |   5614 |   3538 |   5 | 2361.6 |
         Swamp |   3163 |   2862 |    301 |    625 |   1692 |   4 |  790.8 |
     Snake Pit |   9586 |   8955 |    631 |   4604 |   2957 |   4 | 2396.5 |
    Slime Pits |   1392 |   1328 |     64 |   1099 |      0 |   5 |  278.4 |
  Orcish Mines |   3636 |   3121 |    515 |   1855 |    854 |   2 | 1818.0 |
   Elven Halls |   4325 |   3845 |    480 |   1339 |   1644 |   3 | 1441.7 |
        Vaults |   7516 |   6493 |   1023 |   1566 |   3673 |   5 | 1503.2 |
        Depths |   8038 |   7213 |    825 |   3452 |   2548 |   4 | 2009.5 |
           Zot |   3469 |   3313 |    156 |   2173 |    198 |   5 |  693.8 |
        Bailey |   1150 |   1150 |      0 |    723 |     74 |   1 | 1150.0 |
      Ice Cave |    567 |    567 |      0 |    188 |    201 |   1 |  567.0 |
        Wizlab |   1108 |   1108 |      0 |    535 |    360 |   1 | 1108.0 |
    Desolation |     54 |     54 |      0 |      8 |      0 |   1 |   54.0 |
      Gauntlet |    932 |    932 |      0 |    516 |    182 |   1 |  932.0 |
               +--------+--------+--------+--------+--------+-----+--------+

Top non-repeatable levels by time:
  Lair:5: 3182 daAuts
Depths:3: 3122 daAuts
 Snake:4: 2930 daAuts
  Lair:2: 2642 daAuts
    D:15: 2640 daAuts
 Snake:1: 2603 daAuts
   Orc:1: 2504 daAuts
  Lair:1: 2258 daAuts
    D:14: 2099 daAuts
  Lair:4: 2097 daAuts
 Snake:2: 2092 daAuts
 Snake:3: 1960 daAuts
Depths:2: 1908 daAuts
   Zot:5: 1867 daAuts
   Elf:2: 1822 daAuts
